 Dungeon Crawl Stone Soup version 0.28.0 (webtiles) character file.

Game seed: 4404350911972685380

81589 oldriver the Impaler (level 16, -6/124 (134) HPs)
             Began as a Formicid Abyssal Knight on Feb 11, 2022.
             Was an Elder of Lugonu.
             Mangled by a sun demon (21 damage)
             ... summoned by an orc high priest
             ... on level 2 of the Orcish Mines.
             The game lasted 00:44:40 (33508 turns).

oldriver the Impaler (Formicid Abyssal Knight)     Turns: 33508, Time: 00:44:41

HP:   -6/124 (134)  AC: 18    Str: 31    XL:     16   Next: 18%
MP:   18/25         EV:  7    Int: 16    God:    Lugonu [****..]
Gold: 1012          SH: 16    Dex: 13    Spells: 15/15 levels left

rFire   + . .      SeeInvis +   a - +12 glaive of Prune {vorpal}
rCold   . . .      Faith    .   B - +0 tower shield
rNeg    + . .      Spirit   .   L - +1 chain mail of Slimy Life {Will++ Dex+2}
rPois   +          Reflect  .   (helmet unavailable)
rElec   +          Harm     .   n - +0 cloak
rCorr   +          Rampage  .   M - +0 pair of gloves of Ixaethrukhlyps {rN+ Str+2 Int+3}
Will    +++..                   G - +1 pair of boots
Stlth   ..........              (no amulet)
HPRegen 0.30/turn               y - ring "Myrrilot" {rElec rCorr Slay+2 SInv}
MPRegen 0.19/turn               h - ring "Lorchantidd" {Fly rElec rPois rF+ Str+6}

@: flying, studying Slings, drained
A: permanent stasis, dig shafts and tunnels, antennae 3, four strong arms
a: Dig, Shaft Self, Renounce Religion, Depart the Abyss, Bend Space, Banish,
Corrupt


You were on level 2 of the Orcish Mines.
You worshipped Lugonu.
Lugonu was greatly pleased with you.
You visited 3 branches of the dungeon, and saw 20 of its levels.
You visited the Abyss 2 times.
You also visited: Ice Cave.

You collected 1511 gold pieces.
You spent 499 gold pieces at shops.

Inventory:

Hand Weapons
 a - the +12 glaive of Prune (weapon) {vorpal}
   (You found it on level 4 of the Dungeon)

   It inflicts extra damage upon your enemies.
   It halves damage taken while paralysed, petrified or unconscious.
 b - a +2 fustibalus of freezing
 o - a +3 mace of draining
Missiles
 k - 2 throwing nets
 p - 638 stones (quivered)
 D - 6 curare-tipped darts
 F - 24 poisoned darts
 I - 24 sling bullets
Armour
 n - a +0 cloak (worn)
 B - a +0 tower shield (worn)
 G - a +1 pair of boots (worn)
 L - the +1 chain mail of Slimy Life (worn) {Will++ Dex+2}
   (You bought it in a shop on level 9 of the Dungeon)

   Dex:       It affects your dexterity (+2).
   Will:      It greatly increases your willpower.
 M - the +0 pair of gloves of Ixaethrukhlyps (worn) {rN+ Str+2 Int+3}
   (You acquired it on level 8 of the Dungeon)

   Str:       It affects your strength (+2).
   Int:       It affects your intelligence (+3).
   rN:        It protects you from negative energy.
 O - a +1 leather armour of resistance
Jewellery
 c - a +4 ring of evasion
 h - the ring "Lorchantidd" (right hand) {Fly rElec rPois rF+ Str+6}
   (You acquired it on level 3 of the Dungeon)

   [ring of strength]

   Str:       It affects your strength (+6).
   rF:        It protects you from fire.
   rElec:     It insulates you from electricity.
   rPois:     It protects you from poison.
   Fly:       It grants you flight.
 y - the ring "Myrrilot" (left hand) {rElec rCorr Slay+2 SInv}
   (You found it on level 4 of the Lair of Beasts)

   [ring of resist corrosion]

   Slay:      It affects your accuracy & damage with ranged weapons and melee
   (+2).
   rElec:     It insulates you from electricity.
   SInv:      It lets you see invisible.
   rCorr:     It protects you from acid and corrosion.
 A - a ring of protection from cold
 U - a ring of fire
 V - a ring of willpower
 X - a ring of wizardry
 Y - an amulet of the acrobat
Wands
 m - a wand of flame (5)
 r - a wand of polymorph (6)
 t - a wand of digging (22)
 J - a wand of iceblast (3)
 P - a wand of mindburst (3)
 S - a wand of paralysis (4)
Scrolls
 d - 4 scrolls of magic mapping
 s - 2 scrolls of holy word
 w - 2 scrolls of fog
 x - a scroll of torment
 E - a scroll of enchant weapon
 K - 8 scrolls of identify
 R - a scroll of amnesia
 T - a scroll of vulnerability
 Z - a scroll of enchant armour
Potions
 e - 2 potions of attraction
 f - a potion of resistance
 g - 3 potions of lignification
 i - 3 potions of brilliance
 j - a potion of ambrosia
 l - 4 potions of degeneration
 q - a potion of invisibility
 z - 6 potions of might
 C - 7 potions of curing
 H - 2 potions of berserk rage
 N - a potion of cancellation
 Q - 3 potions of magic
 W - a potion of mutation {unknown}


   Skills:
 * Level 14.7 Fighting
 - Level 4.9(11.1) Axes
 + Level 15.2(15.5) Polearms
 + Level 12.3 Slings
 + Level 10.3 Armour
 + Level 2.1 Dodging
 - Level 5.0 Stealth
 - Level 10.0 Shields
 - Level 13.0 Invocations


You had 15 spell levels left.
You didn't know any spells.
Your spell library contained the following spells:

 Spells                   Type           Power      Damage    Failure   Level
 Freeze                   Ice            0%         1d3       98%         1
 Sandblast                Erth           0%         2d4       98%         1
 Summon Small Mammal      Summ           0%         N/A       98%         1
 Corpse Rot               Necr/Air       0%         N/A       99%         2
 Ensorcelled Hibernation  Hex/Ice        0%         N/A       99%         2
 Passwall                 Tmut/Erth      0%         N/A       99%         2
 Poisonous Vapours        Pois/Air       0%         N/A       99%         2
 Call Canine Familiar     Summ           0%         N/A       100%        3
 Confusing Touch          Hex            0%         N/A       100%        3
 Frozen Ramparts          Ice            0%         1d2       100%        3
 Ignite Poison            Fire/Tmut/Pois 0%         N/A       100%        3
 Stone Arrow              Conj/Erth      0%         3d7       100%        3
 Summon Guardian Golem    Hex/Summ       0%         N/A       100%        3
 Animate Armour           Summ/Erth      0%         N/A       100%        4
 Blade Hands              Tmut           0%         N/A       100%        5
 Yara's Violent Unravell  Hex/Tmut       0%         3d3       100%        5
 Iron Shot                Conj/Erth      0%         9d1       100%        6
 Enfeeble                 Hex            0%         N/A       100%        7
 Lehudib's Crystal Spear  Conj/Erth      0%         10d2      100%        8


Dungeon Overview and Level Annotations

Branches:
Dungeon (12/15)            Temple (0/1) D:4            Lair (6/6) D:11
  Swamp (0/4) Lair:2        Snake (0/4) Lair:2        Slime (0/5) Lair:6
    Orc (1/2) D:12          IceCv (visited)

Altars:
Fedhas
Gozag
Hepliaklqana
Nemelex Xobeh
Okawaru
Sif Muna
Vehumet
The Shining One
Beogh

Shops:
D:5 =   D:9 [   Orc:1 *

Annotations:
D:6 2 transporters, Clumpoid's ghost, novice TrCK
Lair:6 exclusion: obsidian statue
Orc:1 Jorgrun; Snorg
Orc:2 corrupted


Innate Abilities, Weirdness & Mutations

You cannot be hasted, slowed, berserked, paralysed or teleported.
You can dig through walls and to a lower floor.
You have a pair of large antennae on your head. (SInv)
Your four strong arms can wield two-handed weapons with a shield.


Message History

The orc sorcerer hits you but does no damage.
You block the sun demon's attack. You block the orc's attack.
The orc sorcerer hits you with a +0 dagger.
The orc warrior moves out of view.
You hit the orc sorcerer.
The orc sorcerer is lightly wounded.
You block the sun demon's attack. The orc hits you but does no damage.
An orc wizard comes into view. It is wielding a +0 dagger.
The sun demon hits you!
You are engulfed in flames!
You resist. You block the orc sorcerer's attack.
Unknown command.
You closely miss the orc sorcerer.
The orc sorcerer is lightly wounded.
The orc hits you but does no damage.
The orc wizard gestures wildly while chanting.
The orc wizard flickers and vanishes for a moment.
You block the sun demon's attack.
The orc sorcerer points at you and mumbles some strange words.
The bolt of negative energy hits you. You partially resist.
You feel drained.
The bolt of negative energy hits the orc!!!
The orc is drained!
The orc dies!
The bolt of negative energy hits the orc!!!
The orc is drained!
The orc dies!
You slice the orc sorcerer!!
You kill the orc sorcerer!
Lugonu accepts your kill. The sun demon hits you!
* * * LOW HITPOINT WARNING * * *
You are engulfed in flames.
You resist.
* * * LOW HITPOINT WARNING * * *
The sun demon misses you.
Activating: Corrupt (1% risk of failure)
Press: ? - help, Dir - look around, f - activate Lugonu's Hand of Corruption reaches out!
The orc high priest hits you with a +0 battleaxe.
* * * LOW HITPOINT WARNING * * *
The sun demon hits you!!
You die...

{ #...#.....## {
##..##.....# #
#..{#......## #.####{
#{.{o.....##. ...#
#{{{.....##..
####.####{8...8...8oo
⌠.##.o#o..{'{{o.......o.
.....#3o####{8...8...8oo
#[.o@[# #{{......##{.
####### #.{.......##.
.)+ #...#......## ...#
##..##.....# ....#
#...#.....# #.....
#...##...).# #+#### #...
#.....# ##. ##.....
##....


You could see an orc high priest, a sun demon (summoned), 2 orc warriors and an
orc wizard (invisible).

Vanquished Creatures
  Gastronok (D:12)
  2 dire elephants (Lair:6)
  Josephine (D:12)
  7 hydras
  A catoblepas (Lair:5)
  An ogre mage (D:11)
  2 centaur warriors
  Erica (D:10)
  2 boulder beetles (D:12)
  4 two-headed ogres
  9 death yaks
  A thrashing horror (Abyss:1)
  2 spectral death yaks (Lair:6)
  A spectral anaconda (Lair:6)
  2 bog bodies (Lair:2)
  5 oklob plants (Lair:6)
  4 necromancers
  A large abomination (Abyss:1)
  3 orc sorcerers
  A cyclops (D:12)
  17 elephants
  6 black mambas
  14 cane toads
  An ice statue (IceCv)
  A gargoyle (D:11)
  A torpor snail (Lair:5)
  4 rime drakes
  An unseen horror (D:11)
  10 komodo dragons
  4 anaconda simulacra (IceCv)
  Psyche (D:10)
  5 freezing wraiths (IceCv)
  2 entropy weaver simulacra (IceCv)
  10 ice devils (IceCv)
  2 trolls
  A polar bear (Lair:6)
  2 raiju (Abyss:1)
  2 slime creatures (D:12)
  A hornet (D:7)
  21 blink frogs
  A spectral elephant (Lair:6)
  A meliai zombie (D:11)
  2 dire elephant simulacra (IceCv)
  5 vampires
  6 wraiths
  65 yaks
  5 wyverns
  A steam dragon (D:9)
  2 basilisks
  14 vampire mosquitoes
  6 death yak simulacra
  2 spectral cane toads (Lair:6)
  A swamp worm (Lair:2)
  5 nagas (Lair:2)
  4 acid dragons
  Duvessa (D:6)
  18 water moccasins
  A black bear (D:5)
  An ice beast (D:8)
  A sky beast (D:5)
  9 orc warriors
  3 ogres (D:10)
  7 centaurs
  17 wolves
  A phantom (D:4)
  An elephant skeleton (Lair:6)
  2 kobold brigands
  9 bullfrogs
  6 gnoll sergeants
  A scorpion (D:10)
  Blork the orc (D:5)
  A wyvern zombie (D:9)
  10 cane toad simulacra
  A wyvern skeleton (D:6)
  A water moccasin zombie (D:6)
  A water moccasin skeleton (D:5)
  Dowan (D:6)
  8 elephant simulacra
  5 killer bees (D:8)
  5 howler monkeys
  6 wights
  An electric eel (Lair:2)
  A quasit (Abyss:1)
  A centaur zombie (D:9)
  A bullfrog zombie (D:7)
  A jelly (D:6)
  3 bullfrog skeletons
  2 hounds
  11 orc priests
  Crazy Yiuf (D:2)
  2 gnoll shamans
  A centaur skeleton (D:6)
  5 iguanas
  9 orc wizards
  A spriggan simulacrum (IceCv)
  2 polar bear simulacra (IceCv)
  2 wolf simulacra (IceCv)
  2 howler monkey zombies
  9 adders
  44 gnolls
  2 naga simulacra (IceCv)
  2 shadow imps
  A white imp (D:6)
  6 ufetubi
  A dart slug (D:2)
  56 orcs
  5 ball pythons
  9 endoplasms
  8 giant cockroaches
  7 goblins
  9 hobgoblins
  6 jackals
  10 kobolds
  2 quokkas
  4 bats
  2 frilled lizards
  6 rats
630 creatures vanquished.

Vanquished Creatures (others)
  An orc wizard (Orc:1)
  2 orcs (Orc:2)
  58 fungi
  121 plants
  4 toadstools (D:1)
  23 withered plants (Lair:6)
209 creatures vanquished.

Grand Total: 839 creatures vanquished

Notes
Turn   | Place    | Note
-------+----------+-------------------------------------------
     0 | Abyss:1  | oldriver the Formicid Abyssal Knight began the quest for
                  | the Orb.
     0 | Abyss:1  | Reached XP level 1. HP: 18/18 MP: 2/2
    43 | Abyss:1  | Noticed a thrashing horror
    63 | Abyss:1  | Noticed a rakshasa
    69 | D:1      | Escaped the Abyss
   543 | D:1      | Reached XP level 2. HP: 24/24 MP: 3/3
   809 | D:1      | Reached * piety under Lugonu
   873 | D:1      | Found a faded altar of an unknown god.
   929 | D:1      | Reached XP level 3. HP: 28/30 MP: 4/4
  1405 | D:2      | You fall into a shaft and drop 1 floor!
  1469 | D:3      | Reached XP level 4. HP: 29/35 MP: 5/5
  1601 | D:2      | Reached ** piety under Lugonu
  1695 | D:2      | Reached XP level 5. HP: 18/43 MP: 6/6
  1972 | D:2      | Found a runed translucent door.
  1973 | D:2      | Noticed Crazy Yiuf
  2031 | D:2      | Reached skill level 5 in Fighting
  2733 | D:2      | Killed Crazy Yiuf
  2734 | D:2      | Reached XP level 6. HP: 41/51 MP: 7/7
  3774 | D:3      | Identified a scroll of acquirement
  3774 | D:3      | Acquired the ring "Lorchantidd" {Fly rElec rPois rF+ Str+6}
  4079 | D:4      | Found a blossoming altar of Fedhas.
  4123 | D:4      | Reached skill level 1 in Stealth
  4209 | D:4      | Found the +12 glaive of Prune {vorpal}
  4340 | D:4      | Reached XP level 7. HP: 58/58 MP: 8/8
  4382 | D:4      | Found a glowing golden altar of the Shining One.
  4384 | D:4      | Found an opulent altar of Gozag.
  4386 | D:4      | Found a sparkling altar of Nemelex Xobeh.
  4387 | D:4      | Found an iron altar of Okawaru.
  4389 | D:4      | Found a shimmering blue altar of Sif Muna.
  4418 | D:4      | Reached skill level 1 in Polearms
  4425 | D:4      | Reached *** piety under Lugonu
  4500 | D:4      | Found a staircase to the Ecumenical Temple.
  4753 | D:4      | Found a radiant altar of Vehumet.
  4982 | D:5      | Entered Level 5 of the Dungeon
  4991 | D:5      | Reached skill level 2 in Polearms
  5023 | D:5      | Noticed Blork the orc
  5087 | D:5      | Killed Blork the orc
  5088 | D:5      | Reached XP level 8. HP: 34/65 MP: 9/9
  5412 | D:5      | Got the Collected Works on the Venomous Frostbite
  5539 | D:5      | Reached skill level 3 in Polearms
  6022 | D:5      | Found Dexutaw's Jewellery Shoppe.
  6292 | D:6      | Noticed Dowan
  6293 | D:6      | Noticed Duvessa
  6297 | D:6      | Killed Duvessa
  6298 | D:6      | Reached skill level 4 in Polearms
  6298 | D:6      | Reached skill level 5 in Stealth
  6298 | D:6      | Killed Dowan
  6426 | D:6      | Found a transporter.
  6435 | D:6      | Found a transporter.
  6435 | D:6      | Noticed an unseen horror
  6435 | D:6      | Noticed Clumpoid's ghost (novice TrCK)
  6566 | D:6      | Reached XP level 9. HP: 70/74 MP: 9/11
  7500 | D:7      | Reached skill level 5 in Polearms
  7500 | D:7      | Reached skill level 1 in Shields
  7864 | D:7      | Noticed a hornet
  7870 | D:7      | Killed a hornet
  8428 | D:7      | Found a hazy altar of Hepliaklqana.
  8753 | D:8      | Reached skill level 5 in Invocations
  8839 | D:8      | Reached XP level 10. HP: 61/82 MP: 13/13
  9126 | D:8      | Reached **** piety under Lugonu
  9147 | D:8      | Reached skill level 6 in Polearms
  9150 | D:8      | Reached skill level 5 in Armour
  9803 | D:8      | Acquired the +0 pair of gloves of Ixaethrukhlyps {rN+ Str+2
                  | Int+3}
 10062 | D:9      | Found Xoimun's Antique Armour Shoppe.
 10071 | D:9      | Bought a pitted scale mail for 243 gold pieces
 10071 | D:9      | Identified the +0 scale mail of Undesirable Species {rPois
                  | Str+2 Int+2} (You bought it in a shop on level 9 of the
                  | Dungeon)
 10119 | D:9      | Reached skill level 5 in Shields
 10767 | D:9      | Reached skill level 7 in Polearms
 10991 | D:9      | Noticed a two-headed ogre
 11002 | D:9      | Killed a two-headed ogre
 11003 | D:9      | Reached skill level 10 in Fighting
 11003 | D:9      | Reached XP level 11. HP: 80/90 MP: 16/16
 11400 | D:10     | Entered Level 10 of the Dungeon
 12055 | D:10     | Reached skill level 8 in Polearms
 12268 | D:10     | Reached ***** piety under Lugonu
 12701 | D:11     | Found a staircase to the Lair.
 12948 | D:11     | Noticed a two-headed ogre
 12949 | D:11     | Noticed a centaur warrior
 12964 | D:10     | Reached skill level 1 in Slings
 13516 | D:11     | Noticed an ogre mage
 13516 | D:11     | Noticed a two-headed ogre
 13585 | D:10     | Killed a centaur warrior
 13858 | D:9      | Bought an encrusted chain mail for 256 gold pieces
 13858 | D:9      | Identified the +1 chain mail of Slimy Life {Will++ Dex+2}
                  | (You bought it in a shop on level 9 of the Dungeon)
 13920 | D:11     | Noticed Psyche
 13925 | D:10     | Banished a two-headed ogre
 13926 | D:10     | Reached skill level 9 in Polearms
 14265 | D:10     | Killed Psyche
 14266 | D:10     | Reached XP level 12. HP: 96/99 MP: 18/18
 14281 | D:11     | Noticed Erica
 14577 | D:10     | Killed Erica
 14609 | D:10     | Killed a two-headed ogre
 14806 | D:11     | Killed an ogre mage
 14932 | D:11     | Reached skill level 5 in Slings
 15338 | D:11     | Found a radiant altar of Vehumet.
 15678 | D:11     | Noticed a centaur warrior
 15690 | D:11     | Killed a centaur warrior
 15691 | D:11     | Reached skill level 10 in Polearms
 15928 | Lair:1   | Entered Level 1 of the Lair of Beasts
 16649 | Lair:1   | Reached skill level 10 in Invocations
 16650 | Lair:1   | Reached XP level 13. HP: 99/107 MP: 20/20
 17695 | Lair:2   | Reached skill level 11 in Polearms
 17801 | Lair:2   | Found a staircase to the Snake Pit.
 17802 | Lair:2   | Noticed a six-headed hydra
 17818 | Lair:3   | Identified the +0 robe of Xehot {rF+}
 17836 | Lair:3   | Found a frozen archway.
 17849 | IceCv    | Entered an ice cave
 19023 | IceCv    | Reached skill level 10 in Shields
 19334 | IceCv    | Found an ancient bone altar of Kikubaaqudgha.
 20964 | Lair:3   | Reached skill level 12 in Polearms
 21269 | Lair:3   | Reached XP level 14. HP: 116/116 MP: 22/22
 22276 | Lair:2   | Reached ****** piety under Lugonu
 22498 | Lair:2   | Found a staircase to the Swamp.
 23249 | Lair:3   | Reached skill level 13 in Polearms
 24000 | Lair:4   | Identified the ring "Myrrilot" {rElec rCorr Slay+2 SInv}
 26566 | Lair:5   | Reached XP level 15. HP: 124/124 MP: 24/24
 27662 | Lair:6   | Entered Level 6 of the Lair of Beasts
 28054 | Lair:6   | Reached skill level 10 in Slings
 28057 | Lair:6   | Reached skill level 14 in Polearms
 28162 | Lair:6   | Reached skill level 10 in Armour
 28527 | Lair:6   | Found a staircase to the Slime Pits.
 31167 | Lair:6   | Reached skill level 15 in Polearms
 31899 | D:12     | Reached skill level 1 in Dodging
 32199 | D:12     | Found a staircase to the Orcish Mines.
 32240 | D:12     | Noticed Josephine
 32256 | D:12     | Killed Josephine
 32257 | D:12     | Reached XP level 16. HP: 132/134 MP: 25/25
 32531 | D:12     | Noticed Gastronok
 32544 | D:12     | Killed Gastronok
 32784 | Orc:1    | Entered Level 1 of the Orcish Mines
 33020 | Orc:1    | Found Pizeh's General Store.
 33198 | Orc:1    | Noticed Snorg
 33199 | Orc:1    | Noticed Jorgrun
 33442 | Orc:1    | Escaped the Abyss
 33457 | Orc:1    | You are sucked into a shaft and drop 1 floor!
 33457 | Orc:2    | Entered Level 2 of the Orcish Mines
 33508 | Orc:2    | Corrupted Orc:2
 33508 | Orc:2    | Mangled by a sun demon

Illustrated notes

Levels and vault maps discovered:
D:1:      ldierk_walled_garden_2, layout_basic,
          hellmonk_ecumenical_altar_slurped_away
D:2:      layout_basic, uniq_crazy_yiuf_cottage
D:3:      layout_loops_corners
D:4:      cheibrodos_helix_gallery, layout_basic, minitemple,
          mainiacjoe_overflow_boulevard, amethyst_killhole,
          nicolae_grassy_gnolls
D:5:      layout_layer_cave, serial_shops, shop, minmay_manual_moon,
          uniq_blork_the_orc
D:6:      layout_rooms, gammafunk_ghost_arena, uniq_duvessa
D:7:      layout_basic, nzn_hepliaklqana_mist_gate, st_stairs_7
D:8:      layout_loops_corners
D:9:      minmay_bubble_buster, layout_irregular_city, minmay_shop_grid_forest
D:10:     layout_roguey [special_room_orc], hangedman_corner_corridor
D:11:     layout_cave_pools, minmay_lair_entry_grove,
          nicolae_vehumet_altar_sigil, uniq_psyche, uniq_erica
D:12:     layout_small_grid, orc_0_dummy, uniq_gastronok, uniq_josephine
Lair:1:   layout_regular_city, lemuel_fruit_tree, grunt_megastairs_5
Lair:2:   layout_loops_ring, nicolae_swamp_entry_splash_gauntlet,
          minmay_snake_entry_guardpost_large, st_stairs_9,
          cheibrodos_lair_reptile_den
Lair:3:   layout_roguey, portal_ice_cave_rime, serial_bayou,
          serial_bayou_lagoon_a, serial_bayou_pond_e, serial_bayou_shore_b,
          serial_bayou_shore_b, st_stairs_10
Lair:4:   layout_loops_ring, hibernation_bobbens
Lair:5:   layout_long_grid
Lair:6:   due_jungle_book, layout_regular_city, minmay_slime_entry_oklob_open,
          eino_small_chamber_without_monster, chequers_serial_rivers_micro_c,
          infiniplex_staircase_pool_2, grunt_megastairs_4
Orc:1:    layout_caves, serial_shops, shop, uniq_snorg, uniq_jorgrun
Orc:2:    pubby_orc_utopia

Skill      XL: |  1  2  3  4  5  6  7  8  9 10 11 12 13 14 15 16 |
---------------+-------------------------------------------------+-----
Fighting       | 4 5 6 7 8 10 11 12 13 14 | 14.7
Axes           | 3 4 |  4.9
Stealth        | 1 3 5 |  5.0
Polearms       | 2 4 5 7 9 10 12 13 15 | 15.2
Invocations    | 5 7 8 10 11 12 13 | 13.0
Armour         | 4 5 6 8 9 10 | 10.3
Shields        | 3 6 8 9 10 | 10.0
Slings         | 3 5 6 9 12 | 12.3
Dodging        | 1 2 |  2.1

Action                   |  1- 3 |  4- 6 |  7- 9 | 10-12 | 13-15 | 16-18 || total
-------------------------+-------+-------+-------+-------+-------+-------++-------
Melee: Hand axe          |    80 |   153 |       |       |       |       ||   233
       Punch             |       |     2 |     1 |       |       |       ||     3
       Glaive            |       |     3 |   145 |   370 |   724 |   102 ||  1344
 Fire: Hunting sling     |       |       |       |    34 |       |       ||    34
       Fustibalus        |       |       |       |       |   267 |    22 ||   289
Throw: Dart              |       |       |       |     5 |       |       ||     5
       Stone             |       |       |       |     2 |       |       ||     2
Invok: Depart the Abyss  |     1 |       |       |       |       |     1 ||     2
       Banish            |       |       |       |     3 |     1 |     3 ||     7
       Bend Space        |       |       |       |     2 |       |     1 ||     3
       Corrupt           |       |       |       |       |       |     1 ||     1
       Enter the Abyss   |       |       |       |       |       |     1 ||     1
 Abil: Dig               |       |       |       |       |     1 |     1 ||     2
       Shaft Self        |       |       |       |       |       |     1 ||     1
Evoke: Wand              |       |       |       |       |     3 |     3 ||     6
  Use: Scroll            |       |     4 |     6 |     7 |    14 |     2 ||    33
       Potion            |       |       |       |     1 |     3 |     4 ||     8
 Stab: Sleeping          |     2 |     1 |     2 |       |       |       ||     5
       Distracted        |       |       |     1 |       |     1 |       ||     2
Armor: Leather armour    |    11 |    22 |    14 |       |       |       ||    47
       Chain mail        |       |       |    20 |    76 |   256 |    55 ||   407
       Scale mail        |       |       |       |    51 |       |       ||    51
Dodge: Dodged            |    66 |   123 |    93 |   195 |   261 |    29 ||   767
Block: Tower shield      |       |       |    26 |   363 |   626 |    95 ||  1110
